 Dungeon Crawl Stone Soup version 0.26.0-10-g1f06aea511 (webtiles) character file.

Game seed: 2807493812132632153

5 Goblin1989 the Sneak (level 1, -1/18 HPs)
             Began as a Demonspawn Delver on Feb 2, 2021.
             Succumbed to an orc's poison
             ... on level 3 of the Dungeon.
             The game lasted 00:01:45 (178 turns).

Goblin1989 the Sneak (Demonspawn Delver)             Turns: 178, Time: 00:01:46

Health: -1/18      AC:  3    Str: 12    XL:     1   Next: 66%
Magic:  1/1        EV: 12    Int: 11    God:
Gold:   9          SH:  0    Dex: 14    Spells: 0/0 levels left

rFire    . . .     SeeInvis .   a - +0 short sword
rCold    . . .     Faith    .   (no shield)
rNeg     . . .     Spirit   .   b - +0 leather armour
rPois    .         Reflect  .   (no helmet)
rElec    .         Harm     .   (no cloak)
rCorr    .         Rampage  .   (no gloves)
Will     .....                  (no boots)
Stlth    +++.......             (no amulet)
HPRegen  0.06/turn              (no ring)
MPRegen  0.07/turn              (no ring)

@: brilliant, lethally poisoned (-1 -> -24), attractive
A: no striking features
a: no special abilities


You were on level 3 of the Dungeon.
You visited 1 branch of the dungeon, and saw 3 of its levels.

You collected 9 gold pieces.

Inventory:

Hand Weapons
 a - a +0 short sword (weapon)
Missiles
 O - 5 boomerangs (quivered)
Armour
 b - a +0 leather armour (worn)
Wands
 g - a wand of digging (3) {@v1}
Scrolls
 c - a scroll of fog
 M - a scroll of magic mapping
 P - a scroll of teleportation {unknown}
Potions
 f - a potion of haste {@q3,}


   Skills:
 - Level 3.0 Fighting
 + Level 2.0 Short Blades
 - Level 1.7 Dodging
 + Level 4.6 Stealth


You couldn't memorise any spells.
You didn't know any spells.
Your spell library was empty.

Dungeon Overview and Level Annotations

Branches:
Dungeon (5/15)
 Temple: D:4-7

Altars:


Message History

Press: ? - help, v - describe, . - travel
Here: an orc, wielding a +0 dagger of venom and wearing a +0 leather armour The floor.
Unknown command.
You throw a boomerang. The boomerang hits the orc.
The orc is almost dead.
You throw a boomerang.
The boomerang hits the orc but does no damage.
The orc is almost dead.
The orc barely misses you.
You throw a boomerang. The boomerang closely misses the orc.
The boomerang hits the orc but does no damage.
You closely miss the orc. The orc barely misses you.
You hit the orc but do no damage. The orc closely misses you.
You barely miss the orc. The orc barely misses you.
You barely miss the orc. The orc hits you but does no damage.
You hit the orc but do no damage. The orc barely misses you.
You hit the orc but do no damage. The orc hits you.
You take 1 damage, and have 17/18 hp.
You barely miss the orc. The orc hits you.
You take 4 damage, and have 13/18 hp.
MASSIVE DAMAGE!!
You hit the orc but do no damage. The orc barely misses you.
It was a potion of attraction.
You feel attractive to monsters. The orc hits you but does no damage.
It was a potion of brilliance.
You feel clever all of a sudden. The orc hits you.
A giant cockroach comes into view.
The giant cockroach is pulled toward you!
You take 2 damage, and have 11/18 hp.
You closely miss the orc. The orc closely misses you.
The giant cockroach is pulled toward you!
You hit the orc but do no damage. The orc barely misses you.
You barely miss the orc.
An orc comes into view. It is wielding a +0 falchion.
The orc barely misses you. The orc is pulled toward you!
You hit the orc but do no damage. The orc barely misses you.
You barely miss the orc. The orc completely misses you.
You barely miss the orc. The orc hits you.
You take 1 damage, and have 10/18 hp.
You closely miss the orc. The orc closely misses you.
You closely miss the orc. The orc closely misses you.
You hit the orc.
The orc is severely wounded.
The orc hits you but does no damage.
You closely miss the orc.
The orc is severely wounded.
The orc hits you but does no damage.
You barely miss the orc.
The orc is severely wounded.
The orc closely misses you.
You hit the orc but do no damage.
The orc is severely wounded.
The orc hits you.
* * * LOW HITPOINT WARNING * * *
You take 5 damage, and have 6/18 hp.
MASSIVE DAMAGE!!
As you read the scroll of fear, it crumbles to dust.
You assume a fearsome visage.
The orc looks frightened! x4
The giant cockroach looks frightened!
The orc is pulled toward you!
The giant cockroach is pulled toward you!
You open the door.
Cornered, the orc turns to fight! x2
The giant cockroach is pulled toward you!
The orc is pulled toward you! x2
The giant cockroach is pulled toward you!
Found an escape hatch in the floor.
There is an open door here.
The orc is pulled toward you! x2
You hit the orc.
The orc is severely wounded.
The orc is pulled toward you! x2
There is an escape hatch in the floor here.
You barely miss the orc.
The orc is severely wounded.
The orc hits you with a +0 dagger of venom.
* * * LOW HITPOINT WARNING * * *
The orc barely misses you.
You take 2 damage, and have 4/18 hp.
You barely miss the orc.
The orc is severely wounded.
The orc hits you but does no damage.
You are lethally poisoned!
The orc closely misses you.
You hit the orc.
The orc is almost dead.
* * * LOW HITPOINT WARNING * * *
You feel sick. The orc closely misses you. The orc hits you but does no damage.
You take 1 damage, and have 3/18 hp.
You closely miss the orc.
The orc is almost dead.
* * * LOW HITPOINT WARNING * * *
You feel sick.
The orc hits you with a +0 dagger of venom.
* * * LOW HITPOINT WARNING * * *
You are more poisoned.
The orc closely misses you.
You take 2 damage, and have 1/18 hp.
You closely miss the orc.
The orc is almost dead.
You die... █████████ █.......█ █.......█ █.....o.█ █.....o@█ ████∆████ █o█

█.█ █.█
███.██████
█..†.....██
█..>....$...
█...........


You could see 2 orcs.

Vanquished Creatures
  An ooze (D:3)
  A rat (D:3)
2 creatures vanquished.

Vanquished Creatures (others)
  A kobold (D:3)
1 creature vanquished.

Grand Total: 3 creatures vanquished

Notes
Turn   | Place    | Note
-------+----------+-------------------------------------------
     0 | D:5      | Goblin1989 the Demonspawn Delver began the quest for the
                  | Orb.
     0 | D:5      | Reached XP level 1. HP: 18/18 MP: 1/1
   178 | D:3      | Succumbed to an orc's poison

Illustrated notes

Levels and vault maps discovered:
D:3:      layout_basic, marbit_many_paths, nicolae_gozag_zags_fifth_avenue,
          lemuel_flame_loot_1
D:4:      layout_cave_pools, biasface_ghost_orc_armoury
D:5:      layout_basic

Skill      XL: |  1 |
---------------+----+-----
Short Blades   | 2 |  2.0
Fighting       | |  3.0
Dodging        | |  1.7
Stealth        | |  4.6

Action                   || total
-------------------------++-------
Melee: Short sword       ||    32
Throw: Boomerang         ||     5
  Use: Potion            ||     2
       Scroll            ||     1
 Stab: Sleeping          ||     1
Armor: Leather armour    ||     7
Dodge: Dodged            ||    20
